 Dungeon Crawl Stone Soup version 0.25-a0-317-g5f8687bca5 (webtiles) character file.

Game seed: 12371341506467723644, levelgen mode: deterministic

112 Glalom the Charmwright (level 4, -2/33 HPs)
             Began as a Merfolk Skald on Dec 25, 2019.
             Was an Initiate of Dithmenos.
             Asphyxiated
             ... on level 3 of the Dungeon.
             The game lasted 00:08:01 (3105 turns).

Glalom the Charmwright (Merfolk Skald)              Turns: 3105, Time: 00:08:01

Health: -2/33      AC:  4    Str: 11    XL:     4   Next: 93%
Magic:  7/7        EV: 12    Int: 12    God:    Dithmenos [......]
Gold:   177        SH:  0    Dex: 14    Spells: 1/7 levels left

rFire    . . .     SeeInvis .   a - +0 spear
rCold    . . .     Gourm    .   (no shield)
rNeg     . . .     Faith    .   b - +0 leather armour
rPois    .         Spirit   .   n - +0 helmet (curse)
rElec    .         Reflect  .   (no cloak)
rCorr    .         Harm     .   (no gloves)
MR       .....                  (no boots)
Stlth    +.........             (no amulet)
HPRegen  0.11/turn              (no ring)
MPRegen  0.10/turn              (no ring)

@: lethally poisoned (-2 -> -46), slowed, very slow
A: change form in water, swift swim, stealthy swim
a: Renounce Religion


You were on level 3 of the Dungeon.
You worshipped Dithmenos.
Dithmenos was noncommittal.
You were not hungry.

You visited 1 branch of the dungeon, and saw 3 of its levels.

You collected 177 gold pieces.

Inventory:

Hand Weapons
 a - a +0 spear (weapon)
Armour
 b - a +0 leather armour (worn)
 n - a cursed +0 helmet (worn)
 o - a +3 scale mail
Jewellery
 l - an uncursed ring of ice {unknown}
Scrolls
 f - a scroll of teleportation {unknown}
 g - 2 scrolls of remove curse {unknown}
 h - a scroll of amnesia {unknown}
 i - 2 scrolls of fear {unknown}
 j - 2 scrolls of identify {unknown}
 m - a scroll of random uselessness {unknown}
 p - a scroll of fog {unknown}
Potions
 c - 4 potions of brilliance {unknown}
 e - a potion of haste {unknown}
 k - 3 potions of magic {unknown}
Comestibles
 d - 8 rations


   Skills:
 - Level 2.1 Fighting
 - Level 3.0 Polearms
 - Level 0.6 Armour
 - Level 2.6 Dodging
 - Level 2.0 Spellcasting
 + Level 5.2 Charms
 - Level 2.0 Translocations


You had one spell level left.
You knew the following spells:

 Your Spells              Type           Power        Failure   Level  Hunger
a - Infusion              Chrm           ##..         4%          1    ##.....
b - Shroud of Golubria    Chrm/Tloc      #.....       12%         2    ###....
c - Spectral Weapon       Hex/Chrm       #.......     36%         3    ####...

Your spell library contained the following spells:

 Spells                   Type           Power        Failure   Level  Hunger
 Song of Slaying          Chrm           ##......     6%          2    ###....
 Regeneration             Chrm/Necr      #.........   36%         3    ####...


Dungeon Overview and Level Annotations

Branches:
Dungeon (3/15)

Altars:
Dithmenos
Xom

Annotations:
D:2 1 runed translucent door, Crazy Yiuf


Message History

You see here a curare-tipped dart.
A hound skeleton comes into view.
You feel very sick.
The kobold throws a curare-tipped dart.
The curare-tipped dart hits you.
You are lethally poisoned!
You have difficulty breathing.
You feel as though you will be slow longer.
The kobold throws a curare-tipped dart.
The curare-tipped dart closely misses you.
You see here a curare-tipped dart.
You feel very sick.
The kobold throws a curare-tipped dart.
The curare-tipped dart closely misses you.
You see here a curare-tipped dart.
* * * LOW HITPOINT WARNING * * *
You feel very sick.
The kobold throws a curare-tipped dart.
The curare-tipped dart hits you.
You are more poisoned.
You have difficulty breathing.
You die...

.. #....#.##......# #.
######.######... ####.
######.######... ....
.................
###..##...####.....#....
#.K.....# #####.#....
#.(### # #.#.... ##.(.##
#.#####...).#
...####@(###......))##)#
#.......(....#####..#.#
#...####..##.#.........#
#. ##.##...........#
#>###..............#
#.....####.........#
#####.##.....).....#
#..#.♣♣♣♣♣...... ##...♣
♣♣.)...


You could see a kobold.

Vanquished Creatures
  An orc priest (D:3)
  An adder (D:2)
  2 worms (D:2)
  2 dart slugs (D:1)
  A leopard gecko (D:1)
  7 orcs (D:3)
  5 bats
  A giant cockroach (D:3)
  11 hobgoblins
  6 kobolds
  2 quokkas (D:2)
  A ball python (D:1)
  3 frilled lizards
  5 goblins
  5 rats
53 creatures vanquished.

Notes
Turn   | Place    | Note
-------+----------+-------------------------------------------
     0 | D:1      | Glalom the Merfolk Skald began the quest for the Orb.
     0 | D:1      | Reached XP level 1. HP: 16/16 MP: 3/3
   573 | D:1      | Reached XP level 2. HP: 15/22 MP: 0/5
   585 | D:1      | Reached skill level 4 in Charms
   792 | D:1      | Learned a level 2 spell: Shroud of Golubria
  1407 | D:2      | Reached skill level 1 in Translocations
  1407 | D:2      | Reached XP level 3. HP: 23/27 MP: 1/6
  2136 | D:2      | Found a runed translucent door.
  2137 | D:2      | Noticed Crazy Yiuf
  2231 | D:2      | Reached XP level 4. HP: 33/33 MP: 3/7
  2249 | D:2      | Learned a level 3 spell: Spectral Weapon
  2685 | D:3      | Reached skill level 5 in Charms
  2987 | D:3      | Found a shadowy altar of Dithmenos.
  2993 | D:3      | Became a worshipper of Dithmenos the Shadowed
  3055 | D:3      | Found a shimmering altar of Xom.
  3055 | D:3      | Found a shimmering altar of Xom.
  3056 | D:3      | Found a shimmering altar of Xom.
  3105 | D:3      | Asphyxiated

Levels and vault maps discovered:
D:1:      eino_arrival_water_cross, layout_basic, bh_walls_and_bars
D:2:      layout_rooms, first_ration, uniq_crazy_yiuf_cottage
D:3:      layout_rooms, overflow_temple_1_default, xom_redecorated,
          yredelemnul_altar_generic, serial_undead, serial_undead_b,
          serial_undead_f, serial_undead_f, serial_undead_e, nrook_campfire,
          lemuel_statue_altar, uniq_terence

Skill      XL: |  1  2  3  4 |
---------------+-------------+-----
Charms         | 4 5 |  5.2
Translocations | 1 2 |  2.0
Fighting       | |  2.1
Polearms       | |  3.0
Armour         | |  0.6
Dodging        | |  2.6
Spellcasting   | |  2.0

Action                   |  1- 3 |  4- 6 || total
-------------------------+-------+-------++-------
Melee: Spear             |   111 |    73 ||   184
 Cast: Infusion          |    20 |     7 ||    27
       Shroud of Golubri |     1 |     2 ||     3
 Stab: Sleeping          |       |     1 ||     1
  Eat: Chunk             |     4 |     4 ||     8
Armor: Leather armour    |    20 |    13 ||    33
Dodge: Dodged            |    62 |    30 ||    92

Table legend:
 A = Non-vault XP
 B = Vault XP
 C = Vault XP percentage of total XP
 D = Non-vault monster count
 E = Vault monster count
 F = Vault count percentage of total count
                 A         B        C        D         E       F
            +---------+---------+-------+---------+---------+-------
      Total |     160 |       0 |   0.0 |      53 |       0 |   0.0
            +---------+---------+-------+---------+---------+-------
        D:1 |      33 |       0 |   0.0 |      16 |       0 |   0.0
        D:2 |      51 |       0 |   0.0 |      21 |       0 |   0.0
        D:3 |      76 |       0 |   0.0 |      16 |       0 |   0.0
            +---------+---------+-------+---------+---------+-------
